 Seeded DCSS version 0.27-a0-1154-gfdeffcb720 (webtiles) character file.

Game seed: 7817243955689519300 (custom seed)

86 donath the Insei (level 4, -1/30 HPs)
             Began as an Octopode Transmuter on May 14, 2021.
             Was a Follower of Uskayaw.
             Slain by an adder (5 damage)
             ... on level 3 of the Dungeon.
             The game lasted 00:07:34 (2107 turns).

donath the Insei (Octopode Transmuter)              Turns: 2107, Time: 00:07:34

Health: -1/30      AC:  1    Str:  9    XL:     4   Next: 49%
Magic:  5/7        EV: 13    Int: 16    God:    Uskayaw [*.....]
Gold:   31         SH:  0    Dex: 12    Spells: 4/7 levels left

rFire    . . .     SeeInvis .     - Unarmed
rCold    . . .     Faith    .   (no shield)
rNeg     . . .     Spirit   .   (helmet currently unavailable)
rPois    .         Reflect  .   (no amulet)
rElec    .         Harm     .   (no ring)
rCorr    .         Rampage  .   (no ring)
Will     .....                  (no ring)
Stlth    +++.......             (no ring)
HPRegen  0.10/turn              (no ring)
MPRegen  0.10/turn              (no ring)
                                (no ring)
                                (no ring)

@: appendages (expiring), wereblooded
A: tentacle spike 3, almost no armour, amphibious, 8 rings, camouflage 1,
gelatinous body 1, (nimble swimmer 1), tentacles
a: End Transformation, Renounce Religion, Stomp


You were on level 3 of the Dungeon.
You worshipped Uskayaw.
Uskayaw was noncommittal.
One of your tentacles had grown a beastly spike.
You visited 1 branch of the dungeon, and saw 3 of its levels.

You collected 31 gold pieces.

Inventory:

Hand Weapons
 b - a +0 long sword
Missiles
 a - 99 stones (quivered)
Scrolls
 c - 3 scrolls of amnesia {unknown}
 d - 2 scrolls of teleportation {unknown}
 f - a scroll of fog {unknown}
Potions
 e - a potion of berserk rage {unknown}
 g - a potion of might {unknown}


   Skills:
 * Level 2.4 Fighting
 - Level 2.1 Dodging
 + Level 2.2 Stealth
 - Level 4.0 Unarmed Combat
 - Level 2.1 Spellcasting
 - Level 2.0 Transmutations


You had 4 spell levels left.
You knew the following spells:

 Your Spells              Type           Power      Damage    Failure   Level
a - Beastly Appendage     Tmut           16%        N/A       9%          1
b - Wereblood             Tmut           8%         N/A       13%         2

Your spell library contained the following spells:

 Spells                   Type           Power      Damage    Failure   Level
 Spider Form              Tmut/Pois      2%         N/A       38%         3
 Ice Form                 Ice/Tmut       4%         N/A       80%         4
 Hydra Form               Tmut           4%         N/A       94%         5


Dungeon Overview and Level Annotations

Branches:
Dungeon (3/15)

Altars:
Uskayaw

Annotations:
D:2 exclusion: upstairs


Innate Abilities, Weirdness & Mutations

One of your tentacles has grown a beastly spike.
You cannot wear most types of armour.
You are amphibious.
You can wear up to eight rings at the same time.
Your skin changes colour to match your surroundings (Stealth+).
Your rubbery body absorbs attacks. (AC +1, EV +1)
((You are camouflaged near water. (Stealth+)))
You have tentacles for arms and can constrict up to eight enemies at once.


Message History

The adder misses you.
You miss the adder. Your grab misses the adder. The endoplasm hits you.
The adder misses you.
You closely miss the adder. Your grab misses the adder.
Your tentacle spike misses the adder.
The adder bites you.
You are poisoned.
The adder poisons you! The endoplasm completely misses you.
You closely miss the adder. Your grab misses the adder.
You feel sick. The adder barely misses you. The endoplasm hits you.
The adder bites you.
You tentacle-slap the adder. Your grab misses the adder.
The adder is moderately wounded.
You feel sick. The endoplasm hits you. The adder bites you.
You tentacle-slap the adder but do no damage.
Your grab misses the adder.
The adder is moderately wounded.
You feel sick. The endoplasm hits you. The adder barely misses you.
You barely miss the adder. Your grab misses the adder.
The adder is moderately wounded.
You feel sick. The adder bites you but does no damage.
The endoplasm closely misses you.
You barely miss the adder. Your grab misses the adder.
Your tentacle spike misses the adder.
The adder is moderately wounded.
You feel sick.
You are no longer poisoned.
The adder bites you. The endoplasm freezes you.
You are frozen.
* * * LOW HITPOINT WARNING * * *
The adder bites you.
* * * LOW HITPOINT WARNING * * *
Your transformation is almost over.
You completely miss the adder. You grab the adder.
The adder is moderately wounded.
You constrict the adder. The adder closely misses you.
You tentacle-slap the adder.
The adder is severely wounded.
You constrict the adder, but do no damage.
The adder misses you. The adder bites you.
You die...

#...<.....#.#
#.#######.#.#
###.#.#
#.....#
+.....#
#.....#
#.....#
#.#.#.#
#.#.#@#### #
#.#.SJ.#+####
#.###........
#........
#.......?
#........
#........
##.#.####
.#..


You could see an adder and an endoplasm.

Vanquished Creatures
  A water moccasin skeleton (D:2)
  2 adders (D:2)
  3 endoplasms
  2 goblins
  A hobgoblin (D:2)
  2 kobolds (D:1)
  3 quokkas
  4 ball pythons
  4 rats
22 creatures vanquished.

Notes
Turn   | Place    | Note
-------+----------+-------------------------------------------
     0 | D:1      | donath the Octopode Transmuter began the quest for the Orb.
     0 | D:1      | Reached XP level 1. HP: 13/13 MP: 3/3
    31 | D:1      | Found a faded altar of an unknown god.
    47 | D:1      | Became a worshipper of Uskayaw the Reveller
    47 | D:1      | Reached * piety under Uskayaw
   236 | D:1      | Reached XP level 2. HP: 18/18 MP: 3/5
   451 | D:1      | Learned a level 2 spell: Wereblood
  1016 | D:2      | Reached ** piety under Uskayaw
  1126 | D:2      | Reached *** piety under Uskayaw
  1127 | D:2      | Reached skill level 1 in Stealth
  1127 | D:2      | Reached skill level 4 in Unarmed Combat
  1127 | D:2      | Reached XP level 3. HP: 7/24 MP: 4/6
  1127 | D:2      | Reached XP level 4. HP: 9/29 MP: 4/7
  1863 | D:2      | Noticed a centaur
  2107 | D:3      | Slain by an adder

Illustrated notes

Levels and vault maps discovered:
D:1:      kennysheep_arrival_seaside, layout_loops_cross,
          chequers_ecumenical_altar_simple, minmay_splitting_lines,
          chequers_big_river
D:2:      minmay_wonky_spiral, layout_basic, grunt_ministairs_9
D:3:      layout_basic, nicolae_overflow_crystal_walls

Skill      XL: |  1  2  3  4 |
---------------+-------------+-----
Fighting       | 2 |  2.4
Stealth        | 1 2 |  2.2
Unarmed Combat | 4 |  4.0
Dodging        | |  2.1
Spellcasting   | |  2.1
Transmutations | |  2.0

Action                   |  1- 3 |  4- 6 || total
-------------------------+-------+-------++-------
Melee: Unarmed           |    34 |    26 ||    60
       Kick              |     7 |     5 ||    12
       Tentacles         |     6 |     2 ||     8
       Constrict         |     8 |     7 ||    15
       Punch             |     2 |     1 ||     3
 Cast: Beastly Appendage |     8 |     4 ||    12
       Wereblood         |     1 |     1 ||     2
 Stab: Sleeping          |     3 |     4 ||     7
Armor: Skin              |     3 |     2 ||     5
Dodge: Dodged            |    10 |    23 ||    33

Table legend: (Time is in decaauts)
 A = Elapsed time spent in this place.
 B = Non-inter-level travel time spent in this place.
 C = Inter-level travel time spent in this place.
 D = Time resting spent in this place.
 E = Time spent auto-exploring this place.
 F = Levels seen in this place.
 G = Mean time per level.
                   A        B        C        D        E       F      G
               +--------+--------+--------+--------+--------+-----+--------+
         Total |   2103 |   2069 |     34 |    371 |    886 |   3 |  701.0 |
       Dungeon |   2103 |   2069 |     34 |    371 |    886 |   3 |  701.0 |
               +--------+--------+--------+--------+--------+-----+--------+

Top non-repeatable levels by time:
     D:1: 1197 daAuts
     D:2: 875 daAuts
     D:3: 31 daAuts
